 Dungeon Crawl Stone Soup version 0.24.0-123-gd5b16e6ec5 (webtiles) character file.

Game seed: 5473109688858264774, levelgen mode: deterministic

0 Notrik the Insei (level 1, -1/17 HPs)
             Began as a Gnoll Transmuter on Feb 3, 2020.
             Slain by a kobold (3 damage)
             ... on level 1 of the Dungeon.
             The game lasted 00:00:50 (118 turns).

Notrik the Insei (Gnoll Transmuter)                  Turns: 118, Time: 00:00:50

Health: -1/17      AC:  2    Str: 12    XL:     1   Next: 10%
Magic:  6/6        EV: 14    Int: 15    God:
Gold:   9          SH:  0    Dex: 15    Spells: 8/9 levels left

rFire    . . .     SeeInvis .     - Unarmed
rCold    . . .     Gourm    .   (no shield)
rNeg     . . .     Faith    .   b - +0 robe
rPois    .         Spirit   .   (no helmet)
rElec    .         Reflect  .   (no cloak)
rCorr    .         Harm     .   (no gloves)
MR       .....                  (no boots)
Stlth    +.........             (no amulet)
HPRegen  0.05/turn              (no ring)
MPRegen  0.10/turn              (no ring)

@: no status effects
A: distributed training, fangs 1, strong nose
a: no special abilities


You were on level 1 of the Dungeon.
You were not hungry.

You visited 1 branch of the dungeon, and saw 1 of its levels.

You collected 9 gold pieces.

Inventory:

Missiles
 a - 12 arrows
Armour
 b - a +0 robe (worn)
Potions
 d - a potion of curing {unknown}
Comestibles
 c - a chunk of flesh
 e - a ration {!d}


   Skills:
 + Level 2.3 Fighting
 + Level 0.0 Short Blades
 + Level 0.0 Long Blades
 + Level 0.0 Axes
 + Level 0.0 Maces & Flails
 + Level 0.0 Polearms
 + Level 0.0 Staves
 + Level 0.0 Slings
 + Level 0.0 Bows
 + Level 0.0 Crossbows
 + Level 0.0 Throwing
 + Level 0.0 Armour
 + Level 4.4 Dodging
 + Level 0.0 Stealth
 + Level 0.0 Shields
 + Level 6.4 Unarmed Combat
 + Level 4.8 Spellcasting
 + Level 0.0 Conjurations
 + Level 0.0 Hexes
 + Level 0.0 Charms
 + Level 0.0 Summonings
 + Level 0.0 Necromancy
 + Level 0.0 Translocations
 + Level 3.6 Transmutations
 + Level 0.0 Fire Magic
 + Level 0.0 Ice Magic
 + Level 0.0 Air Magic
 + Level 0.0 Earth Magic
 + Level 0.0 Poison Magic
 + Level 0.0 Invocations
 + Level 0.0 Evocations


You had 8 spell levels left.
You knew the following spells:

 Your Spells              Type           Power        Failure   Level  Hunger
a - Beastly Appendage     Tmut           ##....       3%          1    None

Your spell library contained the following spells:

 Spells                   Type           Power        Failure   Level  Hunger
 Sticks to Snakes         Tmut           ##......     5%          2    ##.....
 Spider Form              Tmut/Pois      #.........   24%         3    ###....
 Ice Form                 Ice/Tmut       #.......     61%         4    ####...
 Blade Hands              Tmut           ##........   71%         5    ######.


Dungeon Overview and Level Annotations

Branches:
Dungeon (1/15)

Altars:


Innate Abilities, Weirdness & Mutations

Your experience applies equally to all skills.
You have very sharp teeth.
Your uncanny sense of smell can sniff out nearby items.


Message History

No target in view!
You butcher the frilled lizard corpse.
c - a chunk of flesh You see here a frilled lizard skeleton. x2
You open the door.
There is an open door here.
Found an inky potion.
d - an inky potion As you open the large door, it creaks loudly!
A kobold and a dart slug come into view.
The kobold shouts!
The kobold throws a stone.
The stone hits you. The dart slug launches a dart at you.
The slug dart hits you.
The kobold throws a stone.
The stone hits you but does no damage.
There is a large open door here.
You see here a stone.
The kobold hits you.
* * * LOW HITPOINT WARNING * * *
You hit the kobold. You hit the kobold but do no damage.
You bite the kobold, but do no damage. The kobold barely misses you.
You completely miss the kobold. The kobold hits you.
* * * LOW HITPOINT WARNING * * *
A kobold comes into view. It is wielding a +0 club.
The kobold hits you.
* * * LOW HITPOINT WARNING * * *
The kobold moves out of view.
The kobold hits you.
* * * LOW HITPOINT WARNING * * *
The kobold closely misses you.
You open the door. The kobold misses you. The dart slug launches a dart at you.
The slug dart misses you.
There is an open door here.
The kobold misses you.
You don't know that spell.
You're too inexperienced to learn that spell!
The kobold hits you.
* * * LOW HITPOINT WARNING * * *
The kobold shouts!
You see here a stone.
There is a large open door here.
The kobold closely misses you.
There is a large open door here.
You see here a stone.
There is a fountain of sparkling water here.
The kobold closely misses you. The kobold hits you.
You die...

### ########.#
######........#
#......######.#
####'####.#
#.####
#.......#w#
#.....
#.⌠.@.⌠.#.#
######
#...KK..#(#
+...⌠..w('#
#.......#...#
#.⌠...⌠.#...#
#.......#...#
####+####...#
## ∆ ....+ ...
....# ###


You could see a dart slug and 2 kobolds.

Vanquished Creatures
  A frilled lizard (D:1)
1 creature vanquished.

Notes
Turn   | Place    | Note
-------+----------+-------------------------------------------
     0 | D:1      | Notrik the Gnoll Transmuter began the quest for the Orb.
     0 | D:1      | Reached XP level 1. HP: 17/17 MP: 6/6
   118 | D:1      | Slain by a kobold

Levels and vault maps discovered:
D:1:      lemuel_arrival_hallway, layout_basic, minmay_fountain_box,
          chequers_serial_rivers_small_3, minmay_misc_feat_square

Action                   || total
-------------------------++-------
Melee: Unarmed           ||     4
       Bite              ||     1
Dodge: Dodged            ||     7
